 Dungeon Crawl Stone Soup version 0.31-a0-221-gbddc013574 (webtiles) character file.

Game seed: 12229406937299092097

14707 qw the Cleaver (level 12, -9/76 HPs)
             Began as a Gargoyle Fighter on July 3, 2023.
             Was an Elder of Okawaru.
             Mangled by Urug
             ... wielding a +6 eveningstar of venom
              (16 damage)
             ... on level 2 of the Lair of Beasts.
             The game lasted 00:06:24 (11183 turns).

qw the Cleaver (Gargoyle Fighter)                  Turns: 11183, Time: 00:06:25

Health: -9/76      AC: 32    Str: 24    XL:     12   Next: 19%
Magic:  17/17      EV: 11    Int: 15    God:    Okawaru [****..]
Gold:   762        SH: 10    Dex:  9    Spells: 11/11 levels left

rFire   . . .        f - +8 war axe "Elawonuk" {venom, Int+5}
rCold   . . .        v - +0 kite shield
rNeg    + . .        k - +0 plate armour
rPois   inf          y - +1 hat
rElec   +            (no cloak)
rCorr   .            h - +2 pair of gloves
SInv    .            w - +0 pair of boots
Will    .....        t - amulet of the acrobat Stlth
                     i - +4 ring of protection
HPRegen 0.32/turn    n - +5 ring of evasion
MPRegen 0.15/turn

%: acrobat
@: no status effects
A: sickness immunity, AC +8, negative energy resistance 1, electricity
resistance, torment resistance 1, petrification resistance
a: Renounce Religion, Heroism, Finesse


You were on level 2 of the Lair of Beasts.
You worshipped Okawaru.
Okawaru was greatly pleased with you.
You visited 3 branches of the dungeon, and saw 12 of its levels.
You also visited: Sewer.

You collected 762 gold pieces.


Innate Abilities, Weirdness & Mutations

You are immune to sickness and miasma.
Your stone body is resilient. (AC +8)
You are immune to poison.
You resist negative energy. (rN+)
You are resistant to electric shocks. (rElec)
You are resistant to unholy torment.
You are immune to petrification.


   Skills:
 - Level 9.0 Fighting
 + Level 11.2 Axes
 - Level 3.1 Throwing
 - Level 8.0 Armour
 - Level 1.0 Dodging
 - Level 10.0 Shields
 + Level 7.4 Invocations


You had 11 spell levels left.
You didn't know any spells.
Your spell library was empty.

Inventory:

Hand Weapons
 f - the +8 war axe "Elawonuk" (weapon) {venom, Int+5}
   (You found it on level 2 of the Lair of Beasts)

   Int:       It affects your intelligence (+5).
 m - a +0 demon whip of venom
 s - a +0 flail of venom
 Y - a +3 war axe of venom
Missiles
 c - 2 boomerangs (quivered)
 x - 2 javelins
Armour
 h - a +2 pair of gloves (worn)
 k - a +0 plate armour (worn)
 v - a +0 kite shield (worn)
 w - a +0 pair of boots (worn)
 y - a +1 hat (worn)
Jewellery
 i - a +4 ring of protection (left hand)
 n - a +5 ring of evasion (right hand)
 t - an amulet of the acrobat (around neck)
 u - a ring of fire
Scrolls
 b - 2 scrolls of teleportation
 g - 3 scrolls of identify
Potions
 a - a potion of haste
 d - a potion of might
 e - 2 potions of attraction
 j - 2 potions of cancellation
 l - a potion of lignification
 o - 5 potions of heal wounds
 p - a potion of magic
 q - a potion of enlightenment
 r - a potion of curing

Dungeon Overview and Level Annotations

Branches:
Dungeon (9/15)             Temple (1/1) D:7            Lair (2/5) D:9
 Spider (0/4) Lair:2        Sewer (visited)
  Swamp: Lair:2-3    Shoals: Lair:2-3       Orc: D:9-12

Altars:
Ashenzari
Cheibriados
Dithmenos
Elyvilon
Fedhas
Gozag
Hepliaklqana
Kikubaaqudgha
Makhleb
Nemelex Xobeh
Okawaru
Qazlal
Ru
Sif Muna
Trog
Uskayaw
Vehumet
Wu Jian
Xom
Yredelemnul
Zin
The Shining One

Annotations:
D:8 4 transporters
Lair:2 Urug


Message History

Enter note:
Enter note:
Enter note:
Enter note:
11165 ||| INVOKING Heroism.
You gain the combat prowess of a mighty hero.
You can no longer enter into single combat with a foe.
Okawaru will no longer gift you equipment.
Urug drinks a potion.
Urug flickers and vanishes!
Deactivating autopickup; reactivate with Ctrl-A.
You swing at nothing.
You swing at nothing.
A javelin appears from out of thin air!
The javelin pierces through you but does no damage.
You swing at nothing.
You swing at nothing.
A javelin appears from out of thin air!
The javelin pierces through you!
You swing at nothing.
You swing at nothing.
You swing at nothing.
You swing at nothing.
A javelin appears from out of thin air!
The javelin pierces through you!
You swing at nothing.
You swing at nothing.
A javelin appears from out of thin air!
The javelin pierces through you!
You swing at nothing.
You swing at nothing.
You closely miss something. Something hits you but does no damage.
You hit something but do no damage. Something barely misses you.
You hit something but do no damage. You hit something. Something hits you!!
You barely miss something.
You feel like a meek peon again. Something hits you!!
You hit something. Something hits you!
You die...

.....#PP.#. .....###
.....P............##.# ........
...................#.# .##.......
..................... ...........
.#.#................ ...........
.......(........... ...........
.....+.##.#P.....P #P........
....#.##..##....{########........
...+......#P....@......##.......#
....#.....#......##....#.........
#.###............P#....##......##
.####............##.....P.......#
..........#......#..............#
....+......#......#..............
}...#.....#......P#.####P.......#
....+.#.P##P.....#######P.......#
.......#####.....................


There were no monsters in sight!

Vanquished Creatures
  Gastronok (Lair:1)
  Sonja (Lair:2)
  Amaemon (Lair:2)
  4 elephants (Lair:2)
  A black mamba (Lair:1)
  An orange demon (Lair:2)
  4 cane toads
  A komodo dragon (Lair:1)
  A meliai (Lair:2)
  A wraith (D:9)
  A wyvern (Lair:1)
  2 basilisks
  18 yaks
  A steam dragon (D:9)
  2 wargs (D:9)
  5 water moccasins
  Duvessa (D:5)
  5 orc warriors
  2 centaurs
  6 wolves (Lair:2)
  7 kobold brigands
  A phantom (D:5)
  7 bullfrogs
  A gnoll sergeant (D:8)
  3 scorpions
  4 wights (D:8)
  Dowan (D:4)
  10 killer bees
  An electric eel (D:7)
  5 howler monkeys (D:7)
  A jelly (D:7)
  8 orc priests
  A gnoll bouda (D:5)
  6 hounds
  4 iguanas
  2 sleepcaps
  21 orc wizards
  A statue (D:5)
  16 gnolls
  12 adders
  4 river rats (Sewer)
  A shadow imp (D:6)
  2 ufetubi
  2 worms
  5 dart slugs
  26 orcs
  3 bats
  12 endoplasms
  3 giant cockroaches
  6 goblins
  6 hobgoblins
  47 kobolds
  7 quokkas
  12 ball pythons
  4 frilled lizards
  27 rats
338 creatures vanquished.

Notes
Turn   | Place    | Note
-------+----------+-------------------------------------------
     0 | D:1      | qw the Gargoyle Fighter began the quest for the Orb.
     0 | D:1      | Reached XP level 1. HP: 14/14 MP: 1/1
     0 | D:1      | 0 ||| qw: Version: 0.3-a-40-ge99b1a8
     0 | D:1      | 0 ||| qw: Game counter: 556
     0 | D:1      | 0 ||| qw: Melee chars always use a shield: true
     0 | D:1      | 0 ||| qw: God list: Okawaru
     0 | D:1      | 0 ||| qw: Allow faded altars: false
     0 | D:1      | 0 ||| qw: Do Orc after clearing Dungeon:15 true
     0 | D:1      | 0 ||| qw: Do second Lair branch before Depths: true
     0 | D:1      | 0 ||| qw: Lair rune preference: random
     0 | D:1      | 0 ||| qw: Goals: Normal, Zot:1-4, Slime:5, God:TSO, Crypt,
                  | Tomb, Abyss, Pan, Hells, Win
     0 | D:1      | 0 ||| PLANNING D:1-11
    78 | D:1      | Reached skill level 2 in Axes
   156 | D:1      | 156 ||| Stepping ~*~*~tactically~*~*~ (stealth).
   185 | D:1      | Reached XP level 2. HP: 18/19 MP: 2/2
   221 | D:1      | 221 ||| Stepping ~*~*~tactically~*~*~ (hiding).
   293 | D:1      | 293 ||| Stepping ~*~*~tactically~*~*~ (stealth).
   301 | D:1      | Reached skill level 3 in Axes
   350 | D:1      | Reached XP level 3. HP: 23/23 MP: 3/3
   452 | D:1      | 452 ||| Stepping ~*~*~tactically~*~*~ (hiding).
   821 | D:1      | 821 ||| DROPPING amulet of magic regeneration.
   822 | D:1      | 822 ||| READING scroll labelled FOIZAI SALOUH.
   823 | D:1      | 823 ||| READING scroll labelled SIDOGI VELYI.
   824 | D:1      | 824 ||| READING scroll labelled QAINIW QEITATE.
   825 | D:1      | 825 ||| READING scroll labelled EBOXANOLIO.
   826 | D:1      | 826 ||| READING scroll labelled PEXTUE MOEGYW.
   827 | D:1      | 827 ||| READING scroll labelled XAR KU WAORO.
   828 | D:1      | 828 ||| READING scroll labelled EWARES RAFA.
  1049 | D:2      | 1049 ||| Stepping ~*~*~tactically~*~*~ (stealth).
  1052 | D:2      | 1052 ||| Stepping ~*~*~tactically~*~*~ (stealth).
  1056 | D:2      | 1056 ||| Stepping ~*~*~tactically~*~*~ (stealth).
  1170 | D:2      | Reached XP level 4. HP: 28/28 MP: 4/4
  1196 | D:2      | 1196 ||| Stepping ~*~*~tactically~*~*~ (stealth).
  1198 | D:2      | 1198 ||| Stepping ~*~*~tactically~*~*~ (hiding).
  1207 | D:2      | Reached skill level 4 in Axes
  1405 | D:2      | 1405 ||| Stepping ~*~*~tactically~*~*~ (hiding).
  1408 | D:2      | 1408 ||| Stepping ~*~*~tactically~*~*~ (hiding).
  1624 | D:2      | 1624 ||| UPGRADING to +0 plate armour.
  1634 | D:2      | 1634 ||| DROPPING +0 scale mail.
  1635 | D:2      | 1635 ||| UPGRADING to +4 ring of protection.
  1702 | D:3      | Found a glowing silver altar of Zin.
  1705 | D:3      | 1705 ||| FLEEEEING.
  1801 | D:3      | 1801 ||| Stepping ~*~*~tactically~*~*~ (stealth).
  1873 | D:3      | 1873 ||| DROPPING +0 club.
  2032 | D:3      | Reached XP level 5. HP: 32/32 MP: 5/5
  2086 | D:3      | 2086 ||| Stepping ~*~*~tactically~*~*~ (stealth).
  2296 | D:3      | 2296 ||| UPGRADING to +0 pair of gloves.
  2301 | D:3      | 2301 ||| READING scroll labelled WASTRA IBRU.
  2302 | D:3      | 2302 ||| READING 2 scrolls of identify.
  2302 | D:3      | 2302 ||| IDENTIFYING bubbling yellow potion
  2328 | D:4      | 2328 ||| STAIRDANCE
  2336 | D:3      | Reached skill level 5 in Axes
  2381 | D:4      | Found a sacrificial altar of Ru.
  2387 | D:4      | 2387 ||| Stepping ~*~*~tactically~*~*~ (stealth).
  2393 | D:4      | 2393 ||| Stepping ~*~*~tactically~*~*~ (hiding).
  2578 | D:4      | Reached XP level 6. HP: 38/38 MP: 6/6
  2612 | D:4      | 2612 ||| Stepping ~*~*~tactically~*~*~ (hiding).
  2717 | D:4      | Found a basalt altar of Yredelemnul.
  2737 | D:4      | Found a sparkling altar of Nemelex Xobeh.
  2786 | D:4      | 2786 ||| Stepping ~*~*~tactically~*~*~ (hiding).
  2787 | D:4      | 2787 ||| Stepping ~*~*~tactically~*~*~ (hiding).
  2795 | D:4      | Reached skill level 6 in Axes
  3303 | D:4      | 3303 ||| READING 2 scrolls of identify.
  3303 | D:4      | 3303 ||| IDENTIFYING bubbling purple potion
  3304 | D:4      | 3304 ||| DROPPING potion of ambrosia.
  3309 | D:5      | Entered Level 5 of the Dungeon
  3321 | D:5      | Reached XP level 7. HP: 36/43 MP: 7/7
  3445 | D:5      | 3445 ||| Stepping ~*~*~tactically~*~*~ (stealth).
  3447 | D:5      | 3447 ||| Stepping ~*~*~tactically~*~*~ (hiding).
  3671 | D:5      | Reached skill level 7 in Axes
  3816 | D:5      | 3816 ||| Stepping ~*~*~tactically~*~*~ (stealth).
  3826 | D:5      | 3826 ||| FLEEEEING.
  3827 | D:5      | 3827 ||| FLEEEEING.
  3828 | D:5      | 3828 ||| FLEEEEING.
  3829 | D:5      | 3829 ||| FLEEEEING.
  3830 | D:5      | 3830 ||| FLEEEEING.
  3831 | D:5      | 3831 ||| FLEEEEING.
  3835 | D:5      | Reached XP level 8. HP: 45/49 MP: 8/8
  3846 | D:5      | 3846 ||| Stepping ~*~*~tactically~*~*~ (stealth).
  3857 | D:5      | 3857 ||| Stepping ~*~*~tactically~*~*~ (hiding).
  3858 | D:5      | 3858 ||| Stepping ~*~*~tactically~*~*~ (hiding).
  3861 | D:5      | 3861 ||| Stepping ~*~*~tactically~*~*~ (hiding).
  3862 | D:5      | 3862 ||| Stepping ~*~*~tactically~*~*~ (hiding).
  3863 | D:5      | 3863 ||| Stepping ~*~*~tactically~*~*~ (hiding).
  3869 | D:5      | Reached skill level 1 in Dodging
  3915 | D:5      | Found a radiant altar of Vehumet.
  4070 | D:5      | Noticed Duvessa
  4071 | D:5      | 4071 ||| FLEEEEING.
  4072 | D:5      | 4072 ||| FLEEEEING.
  4077 | D:5      | 4077 ||| STAIRDANCE
  4098 | D:4      | 4098 ||| DRINKING 2 fuming orange potions.
  4101 | D:5      | 4101 ||| Stepping ~*~*~tactically~*~*~ (hiding).
  4106 | D:5      | Noticed Dowan
  4112 | D:5      | Killed Duvessa
  4115 | D:5      | 4115 ||| STAIRDANCE
  4148 | D:5      | 4148 ||| Stepping ~*~*~tactically~*~*~ (hiding).
  4149 | D:5      | 4149 ||| Stepping ~*~*~tactically~*~*~ (hiding).
  4150 | D:5      | 4150 ||| STAIRDANCE
  4216 | D:5      | 4216 ||| STAIRDANCE
  4221 | D:4      | Killed Dowan
  4222 | D:4      | Reached skill level 8 in Axes
  4428 | D:6      | 4428 ||| PLANNING SEWER
  4431 | D:6      | 4431 ||| Stepping ~*~*~tactically~*~*~ (stealth).
  4439 | D:6      | 4439 ||| STAIRDANCE
  4631 | D:6      | Reached skill level 6 in Fighting
  4765 | D:6      | Found an opulent altar of Gozag.
  4784 | D:6      | 4784 ||| DROPPING +0 flail.
  4834 | D:6      | 4834 ||| READING scroll of enchant weapon.
  4834 | D:6      | 4834 ||| ENCHANTING +1 war axe.
  4844 | D:6      | Found a glowing drain.
  4863 | D:6      | Found a shadowy altar of Dithmenos.
  4873 | D:6      | 4873 ||| UPGRADING to +5 ring of evasion.
  4874 | D:6      | 4874 ||| DRINKING 2 fuming cyan potions.
  4875 | D:6      | 4875 ||| DROPPING potion of degeneration.
  4900 | Sewer    | Entered a sewer
  5096 | Sewer    | 5096 ||| Stepping ~*~*~tactically~*~*~ (water).
  5182 | Sewer    | 5182 ||| Stepping ~*~*~tactically~*~*~ (stealth).
  5202 | Sewer    | 5202 ||| Stepping ~*~*~tactically~*~*~ (stealth).
  5242 | Sewer    | Reached XP level 9. HP: 55/55 MP: 9/9
  5532 | Sewer    | 5532 ||| READING scroll labelled RYNKINASM.
  5533 | Sewer    | 5533 ||| READING scroll labelled DOIWNO DIKHA.
  5534 | Sewer    | 5534 ||| DRINKING 3 murky sapphire potions.
  5535 | Sewer    | 5535 ||| READING 2 scrolls of identify.
  5535 | Sewer    | 5535 ||| IDENTIFYING viscous purple potion
  5561 | D:6      | 5561 ||| PLANNING D:1-11
  5578 | D:6      | Found a burning altar of Makhleb.
  5882 | D:7      | Reached skill level 9 in Axes
  5947 | D:7      | 5947 ||| Stepping ~*~*~tactically~*~*~ (stealth).
  5957 | D:7      | 5957 ||| Stepping ~*~*~tactically~*~*~ (stealth).
  5963 | D:7      | 5963 ||| Stepping ~*~*~tactically~*~*~ (stealth).
  5993 | D:7      | Found a blossoming altar of Fedhas.
  6035 | D:7      | 6035 ||| Stepping ~*~*~tactically~*~*~ (stealth).
  6069 | D:7      | HP: 11/57 [yak (5)]
  6070 | D:7      | 6070 ||| READING 2 scrolls of teleportation.
  6071 | D:7      | 6071 ||| DRINKING 2 potions of heal wounds.
  6073 | D:7      | Reached skill level 6 in Armour
  6133 | D:7      | Found a staircase to the Ecumenical Temple.
  6134 | D:7      | 6134 ||| PLANNING TEMPLE
  6134 | D:7      | 6134 ||| DRINKING 2 sedimented golden potions.
  6141 | Temple   | Entered the Ecumenical Temple
  6142 | Temple   | 6142 ||| PLANNING OKAWARU WORSHIP
  6182 | Temple   | Became a worshipper of Warmaster Okawaru
  6183 | Temple   | 6183 ||| PLANNING D:1-11
  6229 | D:7      | Found an ornate altar of the Wu Jian Council.
  6316 | D:7      | 6316 ||| Stepping ~*~*~tactically~*~*~ (hiding).
  6317 | D:7      | 6317 ||| Stepping ~*~*~tactically~*~*~ (hiding).
  6319 | D:7      | 6319 ||| Stepping ~*~*~tactically~*~*~ (hiding).
  6320 | D:7      | 6320 ||| Stepping ~*~*~tactically~*~*~ (hiding).
  6321 | D:7      | 6321 ||| Stepping ~*~*~tactically~*~*~ (hiding).
  6453 | D:7      | 6453 ||| Stepping ~*~*~tactically~*~*~ (stealth).
  6455 | D:7      | 6455 ||| Stepping ~*~*~tactically~*~*~ (hiding).
  6595 | D:7      | 6595 ||| Stepping ~*~*~tactically~*~*~ (hiding).
  6612 | D:7      | 6612 ||| FLEEEEING.
  6721 | D:7      | Found a glowing golden altar of the Shining One.
  6865 | D:7      | Reached skill level 10 in Axes
  7019 | D:7      | 7019 ||| FLEEEEING.
  7020 | D:7      | 7020 ||| FLEEEEING.
  7021 | D:7      | 7021 ||| FLEEEEING.
  7022 | D:7      | 7022 ||| FLEEEEING.
  7023 | D:7      | 7023 ||| FLEEEEING.
  7024 | D:7      | 7024 ||| FLEEEEING.
  7025 | D:7      | 7025 ||| FLEEEEING.
  7026 | D:7      | 7026 ||| FLEEEEING.
  7027 | D:7      | 7027 ||| FLEEEEING.
  7032 | D:7      | 7032 ||| STAIRDANCE
  7065 | D:6      | 7065 ||| READING scroll labelled ECHEDY VUCREAC.
  7160 | D:7      | Reached * piety under Okawaru
  7161 | D:7      | Reached XP level 10. HP: 58/64 MP: 10/10
  7220 | D:7      | 7220 ||| INVOKING Heroism.
  7471 | D:7      | 7471 ||| UPGRADING to amulet of the acrobat.
  7476 | D:7      | 7476 ||| READING scroll labelled TELEMO BIOPS.
  7540 | D:8      | 7540 ||| READING scroll of enchant weapon.
  7540 | D:8      | 7540 ||| ENCHANTING +2 war axe of chaos.
  7588 | D:8      | Reached skill level 1 in Invocations
  7702 | D:8      | 7702 ||| Stepping ~*~*~tactically~*~*~ (hiding).
  7703 | D:8      | 7703 ||| Stepping ~*~*~tactically~*~*~ (hiding).
  7714 | D:8      | 7714 ||| STAIRDANCE
  7818 | D:8      | 7818 ||| READING scroll of enchant armour.
  7818 | D:8      | 7818 ||| ENCHANTING +0 pair of gloves.
  7865 | D:8      | Found a transporter.
  7867 | D:8      | Found a transporter.
  7871 | D:8      | Found a transporter.
  8001 | D:8      | Found a stormy altar of Qazlal.
  8114 | D:8      | 8114 ||| Stepping ~*~*~tactically~*~*~ (stealth).
  8115 | D:8      | 8115 ||| Stepping ~*~*~tactically~*~*~ (stealth).
  8282 | D:8      | Found a transporter.
  8330 | D:8      | 8330 ||| INVOKING Heroism.
  8431 | D:8      | 8431 ||| UPGRADING to +0 kite shield.
  8441 | D:8      | 8441 ||| DROPPING +0 buckler.
  8499 | D:9      | 8499 ||| Stepping ~*~*~tactically~*~*~ (hiding).
  8500 | D:9      | Identified the +8 falchion of the Hall of Blades {venom,
                  | Str+2 Dex+3}
  8532 | D:9      | 8532 ||| Stepping ~*~*~tactically~*~*~ (hiding).
  8533 | D:9      | 8533 ||| INVOKING Heroism.
  8544 | D:9      | Reached skill level 3 in Invocations
  8566 | D:9      | 8566 ||| INVOKING Heroism.
  8567 | D:9      | Found a staircase to the Lair.
  8579 | D:9      | Reached skill level 6 in Shields
  8588 | D:9      | 8588 ||| Stepping ~*~*~tactically~*~*~ (stealth).
  8597 | D:9      | 8597 ||| DROPPING +0 hand axe.
  8741 | D:9      | Found a shimmering blue altar of Sif Muna.
  8844 | D:9      | 8844 ||| Stepping ~*~*~tactically~*~*~ (hiding).
  8854 | D:9      | 8854 ||| Stepping ~*~*~tactically~*~*~ (stealth).
  8860 | D:9      | 8860 ||| INVOKING Heroism.
  9008 | D:9      | 9008 ||| PLANNING LAIR
  9008 | D:9      | 9008 ||| READING 2 scrolls of identify.
  9008 | D:9      | 9008 ||| IDENTIFYING inky potion
  9039 | Lair:1   | Entered Level 1 of the Lair of Beasts
  9044 | Lair:1   | 9044 ||| STAIRDANCE
  9049 | D:9      | Reached ** piety under Okawaru
  9053 | D:9      | 9053 ||| INVOKING Heroism.
  9246 | Lair:1   | Reached XP level 11. HP: 58/68 MP: 14/14
  9337 | Lair:1   | 9337 ||| INVOKING Heroism.
  9347 | Lair:1   | Reached skill level 9 in Shields
  9441 | Lair:1   | 9441 ||| Stepping ~*~*~tactically~*~*~ (stealth).
  9443 | Lair:1   | 9443 ||| Stepping ~*~*~tactically~*~*~ (hiding).
  9481 | Lair:1   | 9481 ||| READING scroll of brand weapon.
  9481 | Lair:1   | 9481 ||| BRANDING +3 war axe of chaos.
  9482 | Lair:1   | 9482 ||| DROPPING +0 war axe.
  9504 | Lair:1   | 9504 ||| INVOKING Heroism.
  9511 | Lair:1   | Reached skill level 3 in Throwing
  9533 | Lair:1   | Noticed Gastronok
  9534 | Lair:1   | 9534 ||| Stepping ~*~*~tactically~*~*~ (hiding).
  9535 | Lair:1   | 9535 ||| Stepping ~*~*~tactically~*~*~ (hiding).
  9537 | Lair:1   | 9537 ||| Stepping ~*~*~tactically~*~*~ (hiding).
  9541 | Lair:1   | 9541 ||| Stepping ~*~*~tactically~*~*~ (hiding).
  9543 | Lair:1   | 9543 ||| INVOKING Heroism.
  9556 | Lair:1   | Killed Gastronok
  9556 | Lair:1   | Reached *** piety under Okawaru
  9653 | Lair:1   | 9653 ||| INVOKING Heroism.
  9661 | Lair:1   | Reached skill level 11 in Axes
  9930 | Lair:1   | 9930 ||| UPGRADING to +0 pair of boots.
  9935 | Lair:1   | 9935 ||| UPGRADING to +1 hat.
  9940 | Lair:1   | 9940 ||| READING scroll labelled IGGASUL YWNE.
  9984 | Lair:1   | 9984 ||| DRINKING 2 viscous brown potions.
  9985 | Lair:1   | 9985 ||| READING 5 scrolls of identify.
  9985 | Lair:1   | 9985 ||| IDENTIFYING blue potion
  9986 | Lair:1   | 9986 ||| READING 4 scrolls of identify.
  9986 | Lair:1   | 9986 ||| IDENTIFYING fizzy yellow potion
  9987 | Lair:1   | 9987 ||| READING 3 scrolls of identify.
  9987 | Lair:1   | 9987 ||| IDENTIFYING red potion
  9988 | Lair:1   | 9988 ||| DROPPING potion of brilliance.
  9989 | Lair:1   | 9989 ||| DROPPING potion of invisibility.
 10001 | Lair:2   | 10001 ||| INVOKING Heroism.
 10040 | Lair:2   | Noticed Sonja
 10046 | Lair:2   | 10046 ||| INVOKING Heroism.
 10053 | Lair:2   | 10053 ||| FLEEEEING.
 10054 | Lair:2   | 10054 ||| FLEEEEING.
 10055 | Lair:2   | 10055 ||| FLEEEEING.
 10056 | Lair:2   | 10056 ||| FLEEEEING.
 10057 | Lair:2   | 10057 ||| FLEEEEING.
 10058 | Lair:2   | 10058 ||| FLEEEEING.
 10059 | Lair:2   | 10059 ||| FLEEEEING.
 10062 | Lair:2   | 10062 ||| FLEEEEING.
 10063 | Lair:2   | 10063 ||| FLEEEEING.
 10064 | Lair:2   | 10064 ||| STAIRDANCE
 10117 | Lair:2   | 10117 ||| STAIRDANCE
 10241 | Lair:2   | Killed Sonja
 10241 | Lair:2   | Reached **** piety under Okawaru
 10293 | Lair:2   | Identified the +10 spear of the Scavenger {vamp, Dex+2}
 10320 | Lair:2   | 10320 ||| Stepping ~*~*~tactically~*~*~ (stealth).
 10337 | Lair:2   | 10337 ||| INVOKING Heroism.
 10451 | Lair:2   | 10451 ||| Stepping ~*~*~tactically~*~*~ (stealth).
 10452 | Lair:2   | 10452 ||| Stepping ~*~*~tactically~*~*~ (stealth).
 10454 | Lair:2   | 10454 ||| INVOKING Heroism.
 10471 | Lair:2   | Identified the +8 war axe "Elawonuk" {venom, Int+5}
 10481 | Lair:2   | Received a gift from Okawaru
 10490 | Lair:2   | 10490 ||| INVOKING Heroism.
 10496 | Lair:2   | Reached skill level 9 in Fighting
 10501 | Lair:2   | Reached skill level 6 in Invocations
 10538 | Lair:2   | 10538 ||| INVOKING Heroism.
 10635 | Lair:2   | 10635 ||| SWAPPING to +8 war axe "Elawonuk" {venom, Int+5}.
 10638 | Lair:2   | 10638 ||| Stepping ~*~*~tactically~*~*~ (hiding).
 10639 | Lair:2   | 10639 ||| Stepping ~*~*~tactically~*~*~ (hiding).
 10723 | Lair:2   | 10723 ||| READING scroll of enchant armour.
 10723 | Lair:2   | 10723 ||| ENCHANTING +1 pair of gloves.
 10741 | Lair:2   | Noticed Amaemon
 10742 | Lair:2   | 10742 ||| INVOKING Heroism.
 10760 | Lair:2   | Killed Amaemon
 10761 | Lair:2   | Reached XP level 12. HP: 76/76 MP: 15/17
 10798 | Lair:2   | 10798 ||| INVOKING Heroism.
 10808 | Lair:2   | Found a hole to the Spider Nest.
 11048 | Lair:2   | 11048 ||| Stepping ~*~*~tactically~*~*~ (stealth).
 11049 | Lair:2   | 11049 ||| Stepping ~*~*~tactically~*~*~ (stealth).
 11060 | Lair:2   | Reached ***** piety under Okawaru
 11164 | Lair:2   | Noticed Urug
 11165 | Lair:2   | 11165 ||| INVOKING Heroism.
 11182 | Lair:2   | HP: 6/76 [something (22)]
 11183 | Lair:2   | Mangled by Urug

Levels and vault maps discovered:
D:1:      dpeg_arrival_shrine, layout_loops_ring, minmay_tall_x
D:2:      layout_loops_cross
D:3:      layout_basic, zin_academy
D:4:      layout_basic, lemuel_crystal_altar, nicolae_ru_sacrificial_ziggurat,
          mainiacjoe_overflow_24_doors
D:5:      layout_basic, vehumet_statue, uniq_duvessa
D:6:      layout_basic, mainiacjoe_overflow_swirl, grunt_dithmenos_shadows,
          portal_sewer_entry_c
D:7:      layout_loops_corners, nicolae_tso_carved_into_rock,
          nicolae_wu_jian_wuxing_cycle, fedhas_altar_1,
          minmay_temple_entry_purple_smoke, minivault_4,
          amcnicky_mini_rare_corridor_liquid
D:8:      layout_loops_ring, kennysheep_mini, nicolae_transporter_circle
D:9:      layout_rooms, tgw_sif, erik_lair_orcish_takeover
Temple:   nicolae_temple_cloud_nine
Lair:1:   layout_regular_city, uniq_gastronok
Lair:2:   layout_regular_city, hellmonk_spider_entry_not_the_bees,
          grunt_megastairs_3, uniq_sonja, uniq_amaemon, uniq_urug

Skill      XL: |  1  2  3  4  5  6  7  8  9 10 11 12 |
---------------+-------------------------------------+-----
Axes           | 2 3 4 5 6 7 8 10 11 | 11.2
Fighting       | 4 5 6 8 9 |  9.0
Armour         | 4 5 6 7 8 |  8.0
Dodging        | 1 |  1.0
Shields        | 4 8 10 | 10.0
Invocations    | 4 6 7 |  7.4
Throwing       | 2 3 |  3.1

Action                     |  1- 3 |  4- 6 |  7- 9 | 10-12 || total
---------------------------+-------+-------+-------+-------++-------
  Melee: War axe           |    93 |   160 |   460 |   326 ||  1039
  Throw: Boomerang         |       |       |       |    28 ||    28
         Javelin           |       |       |       |    21 ||    21
 Invoke: Heroism           |       |       |       |    19 ||    19
    Use: Scroll            |     7 |     3 |     6 |    10 ||    26
         Potion            |       |       |     5 |     1 ||     6
   Stab: Paralysed         |       |       |       |     2 ||     2
 Armour: Scale mail        |    40 |     5 |       |       ||    45
         Plate armour      |       |    92 |   266 |   148 ||   506
  Dodge: Dodged            |    32 |    29 |   183 |   164 ||   408
  Block: Buckler           |     9 |    20 |    85 |    14 ||   128
         Kite shield       |       |       |       |   138 ||   138

Table legend:
 A = Non-vault XP
 B = Vault XP
 C = Vault XP percentage of total XP
 D = Non-vault monster count
 E = Vault monster count
 F = Vault count percentage of total count
                 A         B        C        D         E       F
            +---------+---------+-------+---------+---------+-------
      Total |   13265 |    7746 |  36.9 |     242 |      97 |  28.6
            +---------+---------+-------+---------+---------+-------
        D:1 |      36 |      10 |  21.7 |      20 |       4 |  16.7
        D:2 |      58 |       0 |   0.0 |      19 |       0 |   0.0
        D:3 |     160 |       0 |   0.0 |      17 |       0 |   0.0
        D:4 |     327 |      69 |  17.4 |      23 |       1 |   4.2
        D:5 |     900 |     170 |  15.9 |      27 |       2 |   6.9
        D:6 |     400 |      18 |   4.3 |       7 |       8 |  53.3
        D:7 |    2299 |       0 |   0.0 |      55 |       0 |   0.0
        D:8 |     931 |       0 |   0.0 |      24 |       0 |   0.0
        D:9 |    2484 |     682 |  21.5 |      24 |      11 |  31.4
     Lair:1 |    1995 |    1424 |  41.6 |       8 |       1 |  11.1
     Lair:2 |    3675 |    5019 |  57.7 |      18 |      17 |  48.6
      Sewer |       0 |     354 | 100.0 |       0 |      53 | 100.0
            +---------+---------+-------+---------+---------+-------
